 Dungeon Crawl Stone Soup version 0.26-a0-670-g578ab304f5 (webtiles) character file.

Game seed: 8955409669661558832

293 PentaManta the Cleaver (level 6, -2/53 HPs)
             Began as a Formicid Abyssal Knight on Oct 18, 2020.
             Was a Believer of Lugonu.
             Slain by a bullfrog (6 damage)
             ... on level 6 of the Dungeon.
             The game lasted 00:08:36 (2898 turns).

PentaManta the Cleaver (Formicid Abyssal Knight)    Turns: 2898, Time: 00:08:37

Health: -2/53      AC: 10    Str: 18    XL:     6   Next: 60%
Magic:  7/7        EV:  9    Int: 12    God:    Lugonu [**....]
Gold:   157        SH:  0    Dex: 10    Spells: 5/5 levels left

rFire    . . .     SeeInvis +   a - +1 hand axe
rCold    . . .     Faith    .   (no shield)
rNeg     . . .     Spirit   .   g - +0 chain mail
rPois    .         Reflect  .   (helmet unavailable)
rElec    .         Harm     .   (no cloak)
rCorr    .         Rampage  .   (no gloves)
MR       .....                  (no boots)
Stlth    ..........             h - amulet of magic regeneration
HPRegen  0.17/turn              (no ring)
MPRegen  0.35/turn              (no ring)

@: no status effects
A: permanent stasis, dig shafts and tunnels, four strong arms, antennae 3
a: Dig, Shaft Self, Depart the Abyss, Bend Space, Renounce Religion


You were on level 6 of the Dungeon.
You worshipped Lugonu.
Lugonu was pleased with you.
You visited 1 branch of the dungeon, and saw 7 of its levels.
You visited the Abyss 1 time.

You collected 157 gold pieces.

Inventory:

Hand Weapons
 a - a +1 hand axe (weapon)
 d - a +0 flail
Armour
 g - a +0 chain mail (worn)
Jewellery
 h - an amulet of magic regeneration (around neck)
Wands
 o - a wand of enslavement (1)
Scrolls
 b - a scroll of identify
 i - a scroll of magic mapping
 j - a scroll of amnesia
 n - 2 scrolls of remove curse
Potions
 e - 2 potions of curing
 f - a potion of cancellation
 l - 3 potions of heal wounds


   Skills:
 + Level 6.8 Fighting
 * Level 8.1 Axes
 + Level 6.4 Armour
 + Level 5.0 Dodging
 - Level 2.1 Invocations


You had 5 spell levels left.
You didn't know any spells.
Your spell library was empty.

Dungeon Overview and Level Annotations

Branches:
Dungeon (7/15)
 Temple: D:4-7

Altars:
Cheibriados
Dithmenos
Fedhas


Innate Abilities, Weirdness & Mutations

You cannot be hasted, slowed, berserked, paralysed or teleported.
You can dig through walls and to a lower floor.
Your four strong arms can wield two-handed weapons with a shield.
You have a pair of large antennae on your head. (SInv)


Message History

The centaur wields a +0 shortbow.
The centaur shoots an arrow.
The arrow closely misses you.
The centaur unwields a +0 shortbow.
The centaur hits something but does no damage.
The centaur hits the bush but does no damage.
The centaur wields a +0 shortbow.
The centaur shoots an arrow.
The arrow hits you!
You see here an arrow.
The centaur shoots an arrow.
The arrow hits you!
You see here an arrow.
The centaur shoots an arrow.
The arrow hits you!
* * * LOW HITPOINT WARNING * * *
The centaur unwields a +0 shortbow.
The centaur hits the bush.
There is a stone staircase leading down here.
You see here 2 arrows.
The bullfrog hits you.
* * * LOW HITPOINT WARNING * * *
The centaur hits the bush.
The bullfrog hits you.
You die...

############
#......##..
+......##.# #
#......##@#
#.#.#....##F####.##
.........(.>.......
{ .PP.....(..######
PPP.(..(?.......
PP_PP#.....###### .
P.PcP......#
...PPP.P......#
....!.............


You could see a bullfrog.

Vanquished Creatures
  An orc priest (D:3)
  An orc wizard (D:3)
  Terence (D:2)
  A worker ant (D:5)
  4 adders
  An ufetubus (D:6)
  An ooze (D:1)
  2 worms (D:2)
  A dart slug (D:1)
  7 leopard geckos
  3 orcs (D:3)
  2 giant cockroaches (D:1)
  7 goblins
  9 hobgoblins
  4 jackals
  3 quokkas
  7 bats
  4 frilled lizards
  4 kobolds
  8 rats
71 creatures vanquished.

Notes
Turn   | Place    | Note
-------+----------+-------------------------------------------
     0 | Abyss:1  | PentaManta the Formicid Abyssal Knight began the quest for
                  | the Orb.
     0 | Abyss:1  | Reached XP level 1. HP: 18/18 MP: 2/2
    83 | Abyss:2  | Noticed an iron imp
    91 | Abyss:2  | Noticed a fire bat
   100 | D:1      | Escaped the Abyss
   513 | D:1      | Reached skill level 1 in Dodging
   651 | D:1      | Reached * piety under Lugonu
   651 | D:1      | Reached XP level 2. HP: 23/24 MP: 3/3
   859 | D:1      | Reached XP level 3. HP: 29/29 MP: 4/4
  1373 | D:2      | Reached XP level 4. HP: 28/37 MP: 5/5
  1463 | D:2      | Noticed Terence
  1467 | D:2      | Reached skill level 3 in Axes
  1473 | D:2      | Reached ** piety under Lugonu
  1611 | D:1      | Reached skill level 7 in Axes
  1611 | D:1      | Reached XP level 5. HP: 47/47 MP: 6/6
  1625 | D:2      | Killed Terence
  2176 | D:3      | Reached skill level 8 in Axes
  2176 | D:3      | Reached XP level 6. HP: 34/53 MP: 7/7
  2439 | D:3      | Noticed an ogre
  2454 | D:3      | Found a snail-covered altar of Cheibriados.
  2454 | D:3      | Found a shadowy altar of Dithmenos.
  2458 | D:4      | Noticed an ogre
  2461 | D:5      | Entered Level 5 of the Dungeon
  2473 | D:5      | Reached skill level 5 in Dodging
  2525 | D:5      | Noticed an ogre
  2627 | D:4      | Noticed an ogre
  2630 | D:4      | You fall into a shaft and drop 3 floors!
  2635 | D:6      | Found a blossoming altar of Fedhas.
  2898 | D:6      | Slain by a bullfrog

Illustrated notes

Levels and vault maps discovered:
D:1:      lemuel_arrival_room, layout_basic, minmay_octomino_j4
D:2:      layout_rooms, uniq_terence
D:3:      layout_rooms, nicolae_overflow_hidden_temple, minmay_misc_feat_rows,
          minmay_liquid_box
D:4:      layout_cave_pools, nicolae_ossuary_entry_plus,
          hangedman_abyss_or_decor_stagger, uniq_crazy_yiuf_cottage
D:5:      layout_basic, uniq_grinder
D:6:      layout_basic, fedhas_bush_and_centaur_altar
D:7:      layout_basic, minmay_temple_entry_mini_moons

Skill      XL: |  1  2  3  4  5  6 |
---------------+-------------------+-----
Dodging        | 1 4 5 |  5.0
Axes           | 7 8 |  8.1
Fighting       | 6 |  6.8
Armour         | 6 |  6.4
Invocations    | |  2.1

Action                   |  1- 3 |  4- 6 || total
-------------------------+-------+-------++-------
Melee: Hand axe          |    99 |   150 ||   249
Invok: Depart the Abyss  |     1 |       ||     1
       Bend Space        |       |     2 ||     2
 Abil: Dig               |       |     2 ||     2
       Shaft Self        |       |     1 ||     1
  Use: Scroll            |     1 |    16 ||    17
       Potion            |       |     1 ||     1
Armor: Ring mail         |    59 |    32 ||    91
       Chain mail        |       |    34 ||    34
Dodge: Dodged            |    83 |    97 ||   180

Table legend: (Time is in decaauts)
 A = Elapsed time spent in this place.
 B = Non-inter-level travel time spent in this place.
 C = Inter-level travel time spent in this place.
 D = Time resting spent in this place.
 E = Time spent auto-exploring this place.
 F = Levels seen in this place.
 G = Mean time per level.
                   A        B        C        D        E       F      G
               +--------+--------+--------+--------+--------+-----+--------+
         Total |   2904 |   2891 |     13 |    667 |   1429 |   9 |  322.7 |
       Dungeon |   2805 |   2792 |     13 |    667 |   1429 |   7 |  400.7 |
         Abyss |     99 |     99 |      0 |      0 |      0 |   2 |   49.5 |
               +--------+--------+--------+--------+--------+-----+--------+

Top non-repeatable levels by time:
     D:1: 1390 daAuts
     D:2: 668 daAuts
     D:3: 310 daAuts
     D:6: 262 daAuts
     D:5: 101 daAuts
     D:4: 67 daAuts
 Abyss:1: 55 daAuts
 Abyss:2: 44 daAuts
     D:7: 4 daAuts
